 Dungeon Crawl Stone Soup version 0.19.0-11-g3fc08b3 (webtiles) character file.

84 Kirk the Chopper (level 4, 0/33 HPs)
             Began as a Demonspawn Gladiator on Nov 8, 2016.
             Succumbed to an orc wizard's poison
             ... on level 2 of the Dungeon.
             The game lasted 00:03:37 (2142 turns).

Kirk the Chopper (Demonspawn Gladiator)             Turns: 2142, Time: 00:03:37

Health: 0/33       AC:  4    Str: 16    XL:     4   Next: 23%
Magic:  3/3        EV: 12    Int: 10    God:
Gold:   64         SH:  0    Dex: 13    Spells: 0 memorised, 3 levels left

rFire  . . .     SeeInvis .     a - +0 war axe
rCold  . . .     Gourm    .     b - +0 leather armour
rNeg   . . .     Faith    .     (no shield)
rPois  .         Spirit   .     c - +0 helmet
rElec  .         Reflect  .     (no cloak)
rCorr  .         Harm     .     (no gloves)
MR     .....                    (no boots)
Stlth  +.........               (no amulet)
                                (no ring)
                                (no ring)

@: lethally poisoned (0 -> -2)
A: claws 1, hooves 1, low mp 1, powered by death 1
a: no special abilities


You were on level 2 of the Dungeon.
You were not hungry.

You visited 1 branch of the dungeon, and saw 3 of its levels.

You collected 64 gold pieces.

Inventory:

Hand Weapons
 a - a +0 war axe (weapon)
Missiles
 d - 3 throwing nets (quivered)
Armour
 b - a +0 leather armour (worn)
 c - a +0 helmet (worn)
 n - a +0 chain mail
Scrolls
 j - a scroll of amnesia {unknown}
 m - 2 scrolls of remove curse
 o - a scroll of enchant armour {unknown}
 q - a scroll of random uselessness {unknown}
Comestibles
 f - 3 bread rations
 g - a beef jerky
 k - 2 fruits
 p - a slice of pizza


   Skills:
 - Level 2.0 Fighting
 + Level 4.4 Axes
 - Level 1.7 Throwing
 + Level 0.8 Armour
 - Level 2.6 Dodging


You had 3 spell levels left.
You didn't know any spells.

Dungeon Overview and Level Annotations

Branches:
Dungeon (3/15)

Altars:
Uskayaw

Annotations:
D:3 Sigmund


Innate Abilities, Weirdness & Mutations

You have large cloven feet.
You regenerate a little health from kills.
You have sharp fingernails.
Your magical capacity is low. (-10% MP)


Message History

You feel sick.
* * * LOW HITPOINT WARNING * * *
You feel sick.
* * * LOW HITPOINT WARNING * * *
You feel sick.
Okay, then.
Your magical effects are unravelling.
You feel magically purged.
You feel a little less clever now.
* * * LOW HITPOINT WARNING * * *
You feel sick.
* * * LOW HITPOINT WARNING * * *
You feel sick.
* * * LOW HITPOINT WARNING * * *
You feel sick.
* * * LOW HITPOINT WARNING * * *
You feel sick.
* * * LOW HITPOINT WARNING * * *
You feel sick.
You die...

#############################
###### #....# #....#
################....###
#...................†..
#.##############....###
#.##############.......
#>....@................
#.#################.... #.#
#.... #.# #.... #.# #.... #.#
#.... #.# #.... #.# #.... #.#
#####


There were no monsters in sight!

Vanquished Creatures
  2 adders (D:2)
  An ooze (D:1)
  2 worms (D:2)
  4 orcs (D:3)
  A giant cockroach (D:2)
  8 goblins
  6 hobgoblins
  3 quokkas
  A ball python (D:1)
  9 bats
  2 frilled lizards (D:2)
  5 kobolds
  6 rats
50 creatures vanquished.

Notes
Turn   | Place    | Note
-------+----------+-------------------------------------------
     0 | D:1      | Kirk the Demonspawn Gladiator began the quest for the Orb.
     0 | D:1      | Reached XP level 1. HP: 16/16 MP: 1/1
    82 | D:1      | Reached skill level 3 in Axes
   127 | D:1      | Gained mutation: You have large cloven feet. [demonic ancestry]
   127 | D:1      | Reached XP level 2. HP: 22/22 MP: 2/2
   890 | D:2      | Gained mutation: You regenerate a little health from kills. [demonic ancestry]
   890 | D:2      | Reached XP level 3. HP: 27/27 MP: 3/3
  1383 | D:2      | Found a hide-covered altar of Uskayaw.
  1415 | D:2      | Reached skill level 4 in Axes
  1880 | D:2      | Reached XP level 4. HP: 14/33 MP: 4/4
  2108 | D:3      | Noticed Sigmund
  2116 | D:2      | Gained mutation: Your magical capacity is low. (-10% MP) [potion of mutation]
  2116 | D:2      | Gained mutation: You have sharp fingernails. [potion of mutation]
  2134 | D:2      | HP: 1/33 [poisoned by an orc wizard]
  2142 | D:2      | Succumbed to an orc wizard's poison

Skill      XL: |  1  2  3 |
---------------+----------+-----
Axes           | 3 4 |  4.4
Fighting       | |  2.0
Throwing       | |  1.7
Armour         | |  0.8
Dodging        | |  2.6

Action                   |  1- 3 |  4- 6 || total
-------------------------+-------+-------++-------
Melee: War axe           |   150 |    13 ||   163
       Kick              |    36 |     3 ||    39
  Use: Scroll            |     5 |       ||     5
       Potion            |       |     3 ||     3
  Eat: Chunk             |     3 |     1 ||     4
Armor: Leather armour    |    46 |       ||    46
Dodge: Dodged            |    96 |     5 ||   101
